 Dungeon Crawl Stone Soup version 0.18-a0-1774-gce1f7b6 (webtiles) character file.

11909 Chiseanne the Fighter (level 11, -4/138 HPs)
             Began as a Demonspawn Monk on Apr 15, 2016.
             Was an Initiate of Gozag.
             Splashed by a brown ugly thing's acid (7 damage)
             ... on level 11 of the Dungeon.
             The game lasted 00:36:02 (13079 turns).

Chiseanne the Fighter (Demonspawn Monk)            Turns: 13079, Time: 00:36:02

Health: -4/138     AC: 13    Str: 21    XL:     11   Next: 55%
Magic:  11/11      EV:  7    Int: 18    God:    Gozag
Gold:   132        SH: 26    Dex: 14    Spells: 0 memorised, 10 levels left

rFire  . . .     SeeInvis .     a - +6 falchion of Qadirgh {slice, Str+2}
rCold  + . .     Gourm    .     K - +5 plate armour {rN+}
rNeg   + . .     Faith    .     E - +2 large shield of Greed {rPois Int+6 Dex-2}
rPois  +         Spirit   .     (no helmet)
rElec  .         Dismiss  .     (no cloak)
rCorr  .         Reflect  +     (no gloves)
SustAt .         Harm     .     (no boots)
MR     .....                    D - brooch of Shielding {Reflect SH+8}
Stlth  ..........               (no ring)
                                h - ring of protection from cold

@: berserking, corroded, very quick, not resistant to hostile enchantments,
extremely unstealthy
A: talons 2, iridescent scales 1, nightstalker 2, spiny 1
a: Potion Petition, Call Merchant, Bribe Branch, Renounce Religion


You were on level 11 of the Dungeon.
You worshipped Gozag.
Gozag was noncommittal.
You were full.

You visited 2 branches of the dungeon, and saw 12 of its levels.

You collected 1420 gold pieces.
You spent 576 gold pieces at shops.
You paid 712 gold pieces to Gozag.

Inventory:

Hand Weapons
 a - the +6 falchion of Qadirgh (weapon) {slice, Str+2}
   (You found it on level 9 of the Dungeon)

   It inflicts extra damage upon your enemies.
   It affects your strength (+2).
 d - a +2 trident of freezing
 s - a +3 hand axe of chopping
 w - a +1 vampiric war axe
 z - a +4 broad axe
Missiles
 j - 7 javelins (quivered)
 m - 83 bolts
 o - 49 poisoned needles
 p - 17 tomahawks
 x - 3 throwing nets
 F - 37 sling bullets
 O - 15 sling bullets of frost
 P - 3 needles of frenzy
Armour
 y - a +2 leather armour of magic resistance
 E - the +2 large shield of Greed (worn) {rPois Int+6 Dex-2}
   (You found it on level 6 of the Dungeon)

   It affects your intelligence (+6).
   It affects your dexterity (-2).
   It protects you from poison.
 H - the +1 ring mail of the Hidden Vale {MP+9 SInv Stlth+}
   (You found it on level 9 of the Dungeon)

   It affects your magic capacity (+9).
   It lets you see invisible.
   It makes you more stealthy.
 J - a +2 chain mail of poison resistance
 K - a +5 plate armour of positive energy (worn)
 L - a +1 plate armour of fire resistance
Jewellery
 c - an uncursed ring of wizardry
 h - a ring of protection from cold (left hand)
 D - the brooch of Shielding (around neck) {Reflect SH+8}
   (You bought it in a shop on level 9 of the Dungeon)

   [amulet of reflection]

   It shields you and reflects attacks.
   It affects your SH (+8).
Wands
 A - a wand of random effects (5/48)
 N - a wand of disintegration (7/24)
Scrolls
 l - a scroll of magic mapping
 r - a scroll of amnesia
 C - 3 scrolls of remove curse
 I - a scroll of fog
 M - a scroll of immolation
Potions
 e - a potion of cure mutation
 g - a potion of invisibility
 i - 3 potions of brilliance
 k - 2 potions of lignification
 n - a potion of cancellation
 q - 4 potions of curing
 t - 2 potions of magic
 v - a potion of flight
Books
 B - a book of Burglary

   Spells                             Type                      Level
   a - Swiftness                      Charms/Air                   2
   b - Passwall                       Transmutation/Earth          2
   c - Passage of Golubria            Translocation                4
   d - Lee's Rapid Deconstruction     Earth                        5
   e - Darkness                       Hexes                        6
   f - Invisibility                   Hexes                        6
Comestibles
 b - 4 bread rations
 f - 5 meat rations
 u - 4 royal jellies


   Skills:
 * Level 10.7 Fighting
 * Level 6.5 Armour
 * Level 9.8 Dodging
 - Level 1.7 Stealth
 * Level 8.2 Shields
 - Level 3.6 Unarmed Combat


You had 10 spell levels left.
You didn't know any spells.

Dungeon Overview and Level Annotations

Branches:
Dungeon (11/15)            Temple (1/1) D:5            Lair (0/8) D:11
    Orc: D:9-12

Altars:
Ashenzari
Cheibriados
Dithmenos
Elyvilon
Fedhas
Gozag
Kikubaaqudgha
Makhleb
Nemelex Xobeh
Okawaru
Pakellas
Qazlal
Ru
Sif Muna
Trog
Vehumet
Xom
Yredelemnul
Zin
The Shining One

Shops:
D:9 =

Annotations:
D:9 Erolcha


Innate Abilities, Weirdness & Mutations

You have razor-sharp toenails.
You are partially covered in iridescent scales (AC +4).
You are significantly more attuned to the shadows.
You are partially covered in sharp spines.


Message History

There is a stone staircase leading up, spattered with blood here.
Read which item? (? for menu, Esc to quit)
Okay, then.
Drink which item? (? for menu, Esc to quit)
Okay, then.
You need at least 400 gold to purchase potions right now!
Unknown command.
Unknown command.
Drink which item? (? for menu, Esc to quit)
A red film seems to cover your vision as you go berserk!
You feel yourself moving faster!
You feel mighty!
You block the brown ugly thing's attack.
You barely miss the brown ugly thing.
The brown ugly thing is almost dead.
The brown ugly thing is struck by your spines.
The brown ugly thing punches you!
* * * LOW HITPOINT WARNING * * *
You are splashed with acid!
The acid burns!
You die...
Your body crumbles into a pile of gold.

#..# #....# #. #.##
####.# #.
##.#############.# ##
#................#
#..#######...##.##
#..# ###...##.## #..#
#.........#####
#..#####...........).#
#....$...u@......###.#
#..#######...##.####.#
#..# #...##......#
#.u# #.########..# ##
#..# #.# #..# .## #.u#
#.# #..# .. #..#
#.########..## .#
#......()..#.##)##
##########........


You could see a brown ugly thing.

Vanquished Creatures
  A death knight (D:10)
  An unseen horror (D:10)
  A phantasmal warrior (D:11)
  A hill giant (D:11)
  2 ugly things
  A freezing wraith (D:10)
  2 trolls
  A two-headed ogre (D:11)
  4 yaks (D:10)
  2 wyverns
  2 wraiths (D:10)
  A hungry ghost (D:7)
  Grum (D:9)
  3 hippogriffs
  Menkaure (D:7)
  A water moccasin (D:10)
  A soldier ant (D:9)
  The ghost of namelastname112 the Sneak, an amateur VSAs (D:4)
  2 orc warriors
  2 sky beasts
  2 wasps (D:9)
  A phantom (D:7)
  A black bear (D:11)
  3 ice beasts
  7 ogres
  3 wolves (D:9)
  4 centaurs
  5 giant frogs
  A gnoll sergeant (D:10)
  4 scorpions
  15 wights
  9 killer bees
  3 howler monkeys
  2 giant frog zombies
  4 crimson imps
  4 jellies
  2 quasits
  5 hounds
  4 orc priests
  2 centaur zombies
  11 orc wizards
  A centaur skeleton (D:10)
  3 iguanas
  11 worker ants
  Terence (D:2)
  A killer bee zombie (D:6)
  A hound zombie (D:5)
  A hound skeleton (D:5)
  A worker ant zombie (D:9)
  14 adders
  8 gnolls
  2 howler monkey skeletons
  An ooze (D:4)
  2 adder zombies
  2 worms
  4 dart slugs
  8 giant geckos
  22 orcs
  2 ball pythons
  3 bats
  7 giant cockroaches
  13 goblins
  8 hobgoblins
  16 jackals
  6 quokkas
  A ball python skeleton (D:4)
  3 giant newts
  10 kobolds
  3 rats
  A fungus (D:3)
279 creatures vanquished.

Vanquished Creatures (others)
  A jelly (D:3)
  An orc wizard (D:5)
2 creatures vanquished.

Grand Total: 281 creatures vanquished

Notes
Turn   | Place    | Note
--------------------------------------------------------------
     0 | D:1      | Chiseanne the Demonspawn Monk began the quest for the Orb.
     0 | D:1      | Reached XP level 1. HP: 18/18 MP: 1/1
   231 | D:1      | Gained mutation: You are partially covered in sharp spines. [demonic ancestry]
   231 | D:1      | Reached XP level 2. HP: 24/24 MP: 2/2
  1018 | D:2      | Gained mutation: You have sharp toenails. [demonic ancestry]
  1018 | D:2      | Reached XP level 3. HP: 28/29 MP: 3/3
  1142 | D:2      | Reached skill level 1 in Armour
  1142 | D:2      | Reached skill level 1 in Shields
  1376 | D:2      | Noticed Terence
  1396 | D:2      | Killed Terence
  1396 | D:2      | Reached XP level 4. HP: 8/37 MP: 4/4
  1491 | D:2      | Found a shadowy altar of Dithmenos.
  1849 | D:2      | Found a deep blue altar of Sif Muna.
  1850 | D:2      | Found a shattered altar of Ashenzari.
  1948 | D:3      | Reached skill level 4 in Fighting
  2074 | D:3      | Found a radiant altar of Vehumet.
  2412 | D:3      | Gained mutation: You have razor-sharp toenails. [demonic ancestry]
  2412 | D:3      | Reached XP level 5. HP: 29/42 MP: 5/5
  2504 | D:3      | Found a glowing silver altar of Zin.
  2602 | D:3      | Found an oddly glowing altar of Pakellas.
  2602 | D:3      | Noticed an orange crystal statue
  2673 | D:4      | Noticed namelastname112's ghost (amateur VSAs)
  2684 | D:4      | Killed namelastname112's ghost
  3289 | D:4      | Gained mutation: You are partially covered in iridescent scales (AC +4). [demonic ancestry]
  3289 | D:4      | Reached XP level 6. HP: 46/49 MP: 6/6
  3977 | D:5      | Entered Level 5 of the Dungeon
  3983 | D:5      | Gained mutation: You are slightly more attuned to the shadows. [demonic ancestry]
  3983 | D:5      | Reached XP level 7. HP: 55/55 MP: 7/7
  3989 | D:5      | Reached skill level 5 in Fighting
  4246 | D:5      | Found a staircase to the Ecumenical Temple.
  4260 | Temple   | Entered the Ecumenical Temple
  4449 | D:5      | Reached skill level 5 in Dodging
  4502 | D:5      | Reached XP level 8. HP: 5/64 MP: 8/8
  4820 | D:6      | Found a sparkling altar of Nemelex Xobeh.
  4834 | D:6      | Found a sacrificial altar of Ru.
  4834 | D:6      | Found a burning altar of Makhleb.
  4884 | D:6      | Found a shattered altar of Ashenzari.
  4906 | D:6      | Reached skill level 6 in Fighting
  5805 | D:6      | Reached skill level 7 in Fighting
  5920 | D:6      | Got an ancient large shield
  5931 | D:6      | Identified the +2 large shield of Greed {rPois Int+6 Dex-2} (You found it on level 6 of the Dungeon)
  6059 | D:6      | Found a glowing golden altar of the Shining One.
  6205 | D:6      | Found a white marble altar of Elyvilon.
  6364 | D:7      | Reached XP level 9. HP: 53/72 MP: 9/9
  6627 | D:7      | Reached skill level 8 in Fighting
  6627 | D:7      | Reached skill level 5 in Shields
  7266 | D:7      | Found a snail-covered altar of Cheibriados.
  7535 | D:7      | Noticed Menkaure
  7548 | D:7      | Killed Menkaure
  8039 | D:8      | Found a stormy altar of Qazlal.
  8281 | D:8      | Reached skill level 9 in Fighting
  8497 | D:8      | Gained mutation: You are significantly more attuned to the shadows. [demonic ancestry]
  8497 | D:8      | Reached XP level 10. HP: 66/83 MP: 10/10
  8792 | D:9      | Found an opulent altar of Gozag.
  8793 | D:9      | Noticed Grum
  8796 | D:9      | Became a worshipper of Gozag Ym Sagoz the Greedy
  8818 | D:9      | Killed Grum
  9013 | D:9      | Found an ancient bone altar of Kikubaaqudgha.
  9029 | D:9      | Got a steaming falchion
  9377 | D:9      | Identified the +6 falchion of Qadirgh {slice, Str+2} (You found it on level 9 of the Dungeon)
  9744 | D:9      | Got a slimy ring mail
  9755 | D:9      | Identified the +1 ring mail of the Hidden Vale {MP+9 SInv Stlth+} (You found it on level 9 of the Dungeon)
 10160 | D:9      | Noticed Erolcha
 10444 | D:10     | Entered Level 10 of the Dungeon
 10784 | D:10     | Noticed a red ugly thing
 10797 | D:10     | Killed a red ugly thing
 10797 | D:10     | Reached skill level 5 in Armour
 10890 | D:10     | Reached skill level 10 in Fighting
 11277 | D:10     | Noticed a hill giant
 11589 | D:10     | Reached XP level 11. HP: 90/90 MP: 11/11
 11633 | D:10     | Noticed a phantasmal warrior
 11634 | D:10     | Noticed a death knight
 11657 | D:11     | Killed a phantasmal warrior
 11962 | D:11     | Found a staircase to the Lair.
 12011 | D:11     | Killed a hill giant
 12366 | D:9      | Bought the brooch of Shielding {Reflect SH+8} for 576 gold pieces
 12510 | D:10     | Killed a death knight
 12850 | D:10     | Killed an unseen horror
 13042 | D:11     | Noticed a brown ugly thing
 13043 | D:11     | Noticed a cyan ugly thing
 13057 | D:11     | Killed a brown ugly thing
 13079 | D:11     | HP: 3/138 [brown ugly thing (8)]
 13079 | D:11     | Splashed by a brown ugly thing's acid

Vault maps used:
D:1:      elethiomel_arrival_infinity_welcomes_careful_drivers
D:2:      nicolae_overflow_hidden_temple, nicolae_dithmenos_shadow_blocks,
          first_bread, uniq_terence
D:3:      overflow_temple_1_default, old_standard_altar, minivault_4,
          minmay_gold_behind_fungi, nrook_loot_triangle, minmay_misc_feat_iff,
          gammafunk_pakellas_statue_experiment
D:5:      minmay_temple_entry_trees
D:6:      lemuel_coloured_pillars_altar, nemelex_deck,
          nicolae_tso_swordbearing_angel, gammafunk_temple_overflow_pools,
          cheibrodos_ashenzari_chains
D:7:      basic_altar, uniq_menkaure
D:8:      kennysheep_little_box
D:9:      nicolae_gozag_seed_capital, lemuel_doored_altar,
          hangedman_pestilent_swarm, uniq_grum, uniq_erolcha
D:10:     minmay_misc_feat_encased
D:11:     lair_0_dummy, orc_0_dummy, nicolae_trove_entry_diagonal, uniq_harold
Temple:   circular_temple_6

Skill      XL: |  1  2  3  4  5  6  7  8  9 10 11 |
---------------+----------------------------------+-----
Dodging        | 3 4 5 6 8 9 |  9.8
Armour         | 1 2 3 5 6 |  6.5
Shields        | 1 2 3 4 6 7 8 |  8.2
Fighting       | 4 5 7 9 10 | 10.7
Stealth        | |  1.7
Unarmed Combat | |  3.6

Action                   |  1- 3 |  4- 6 |  7- 9 | 10-12 || total
-------------------------+-------+-------+-------+-------++-------
Melee: Unarmed           |    96 |   194 |   238 |       ||   528
       Kick              |    15 |    58 |   122 |   149 ||   344
       Hand axe          |       |       |   152 |    99 ||   251
       Falchion          |       |       |       |   338 ||   338
Throw: Javelin           |       |     2 |    15 |       ||    17
Invok: Call Merchant     |       |       |       |     1 ||     1
       Potion Petition   |       |       |       |     1 ||     1
Evoke: Wand              |       |       |       |    11 ||    11
  Use: Scroll            |     4 |    10 |    10 |     7 ||    31
       Potion            |       |       |     1 |     5 ||     6
 Stab: Sleeping          |     2 |       |     7 |       ||     9
       Distracted        |       |       |     1 |     3 ||     4
       Invisible         |       |       |       |     4 ||     4
  Eat: Chunk             |     1 |     6 |    18 |     1 ||    26
       Fruit             |       |     3 |       |    10 ||    13
       Royal jelly       |       |       |       |     5 ||     5
       Pizza             |       |       |       |     2 ||     2
Armor: Leather armour    |    14 |     7 |    69 |       ||    90
       Chain mail        |       |    74 |       |       ||    74
       Plate armour      |       |       |    55 |   238 ||   293
Dodge: Dodged            |    39 |    44 |   182 |    63 ||   328
Block: Buckler           |     4 |    40 |    49 |       ||    93
       Large shield      |       |       |   207 |   475 ||   682
